 Dungeon Crawl Stone Soup version 0.24-a0-264-gf46a388 (webtiles) character file.

Game seed: 5202560962120543297

56 Hasart the Cutter (level 4, -2/29 HPs)
             Began as a Kobold Monk on Apr 20, 2019.
             Was an Initiate of Ru.
             Slain by an adder (5 damage)
             ... on level 2 of the Dungeon.
             The game lasted 00:02:33 (1563 turns).

Hasart the Cutter (Kobold Monk)                     Turns: 1563, Time: 00:02:34

Health: -2/29      AC:  2    Str:  9    XL:     4   Next: 15%
Magic:  4/4        EV: 17    Int: 11    God:    Ru [......]
Gold:   102        SH:  0    Dex: 17    Spells: 3/3 levels left

rFire    . . .     SeeInvis .   a - +0 short sword
rCold    . . .     Gourm    .   (shield restricted)
rNeg     . . .     Faith    .   b - +0 robe
rPois    .         Spirit   .   (no helmet)
rElec    .         Reflect  .   (no cloak)
rCorr    .         Harm     .   (no gloves)
MR       .....                  (no boots)
Stlth    +++.......             (no amulet)
HPRegen  0.09/turn              (no ring)
MPRegen  0.09/turn              (no ring)

@: lethally poisoned (-2 -> -4)
A: small, carnivore
a: Renounce Religion


You were on level 2 of the Dungeon.
You worshipped Ru.
Ru was noncommittal.
You were very full.

You visited 1 branch of the dungeon, and saw 2 of its levels.

You collected 102 gold pieces.

Inventory:

Hand Weapons
 a - a +0 short sword (weapon)
Missiles
 f - a throwing net (quivered)
Armour
 b - a +0 robe (worn)
Scrolls
 g - 2 scrolls of identify {unknown}
 i - a scroll of amnesia {unknown}
Potions
 d - 2 potions of mutation {unknown}
 e - a potion of agility {unknown}
Comestibles
 c - a ration


   Skills:
 + Level 3.7 Fighting
 * Level 5.0 Short Blades
 + Level 4.2 Dodging
 + Level 3.5 Stealth


You had 3 spell levels left.
You didn't know any spells.
Your spell library was empty.

Dungeon Overview and Level Annotations

Branches:
Dungeon (2/15)

Altars:
Ru
Yredelemnul
The Shining One


Innate Abilities, Weirdness & Mutations

You are small and have problems with some larger weapons.
You are carnivorous and can eat meat at any time.


Message History

You feel sick.
You hit the adder.
The adder is moderately wounded.
The adder completely misses you. The adder bites you.
* * * LOW HITPOINT WARNING * * *
You hit the adder.
The adder is almost dead.
The adder misses you.
You hit the adder.
You kill the adder!
Your Short Blades skill increases to level 5!
You have reached level 4!
The adder completely misses you.
You hit the adder.
The adder is heavily wounded.
You feel sick. The adder closely misses you.
You closely miss the adder.
The adder is heavily wounded.
The adder bites you.
You die...

....... ### #..........# ...
..........# .... ... .....#
..... ######..< ....###(....
#.....#.######..........
#.....#.....##.)........
#(....#.# #@##..........
#.....#(# #S##.......#.≈
#### #.....#)# #.##.......#
(...##.....#)###..........#
....)..................>..#
....†.....##<##...........#
..........#####†............
#.........# #.............
#.........# #....#........


You could see an adder.

Vanquished Creatures
  2 adders (D:2)
  A leopard gecko (D:1)
  A ball python (D:2)
  A giant cockroach (D:2)
  7 goblins
  4 hobgoblins (D:1)
  4 jackals (D:1)
  8 kobolds
  4 bats (D:2)
  A frilled lizard (D:1)
  A rat (D:1)
34 creatures vanquished.

Notes
Turn   | Place    | Note
-------+----------+-------------------------------------------
     0 | D:1      | Hasart the Kobold Monk began the quest for the Orb.
     0 | D:1      | Reached XP level 1. HP: 14/14 MP: 1/1
    61 | D:1      | Reached XP level 2. HP: 8/19 MP: 2/2
   508 | D:1      | Reached XP level 3. HP: 22/23 MP: 3/3
  1410 | D:2      | Found a basalt altar of Yredelemnul.
  1446 | D:2      | Found a sacrificial altar of Ru.
  1446 | D:2      | Found a glowing golden altar of the Shining One.
  1492 | D:2      | Became a worshipper of Ru the Awakened
  1561 | D:2      | Reached skill level 5 in Short Blades
  1561 | D:2      | Reached XP level 4. HP: 4/29 MP: 4/4
  1563 | D:2      | Slain by an adder

Levels and vault maps discovered:
D:1:      minmay_arrival_radiant_lines, layout_loops_corners, st_stairs_1,
          minmay_shallow_snake_nest
D:2:      layout_basic, yredelemnul_altar_generic,
          gammafunk_temple_overflow_elements, fedhas_ov_isle_minmay,
          uniq_crazy_yiuf_cottage

Skill      XL: |  1  2  3 |
---------------+----------+-----
Stealth        | 3 |  3.5
Dodging        | 4 |  4.2
Short Blades   | 5 |  5.0
Fighting       | |  3.7

Action                   |  1- 3 |  4- 6 || total
-------------------------+-------+-------++-------
Melee: Short sword       |   117 |     2 ||   119
Invok: Reject Sacrifices |     1 |       ||     1
 Stab: Sleeping          |     7 |       ||     7
  Eat: Chunk             |    10 |       ||    10
Armor: Robe              |    13 |       ||    13
Dodge: Dodged            |    98 |     2 ||   100

Table legend:
 A = Non-vault XP
 B = Vault XP
 C = Vault XP percentage of total XP
 D = Non-vault monster count
 E = Vault monster count
 F = Vault count percentage of total count
                 A         B        C        D         E       F
            +---------+---------+-------+---------+---------+-------
      Total |      73 |       7 |   8.8 |      31 |       3 |   8.8
            +---------+---------+-------+---------+---------+-------
        D:1 |      35 |       7 |  16.7 |      20 |       3 |  13.0
        D:2 |      38 |       0 |   0.0 |      11 |       0 |   0.0
            +---------+---------+-------+---------+---------+-------
